[Event "Titled Tuesday Blitz June 8 2021"]
[White "Galego, Luis"]
[Black "Sadovsky, Artem"]
[WhiteFideId "1900072"]
[BlackFideId "4155840"]
[WhiteElo "2524"]
[BlackElo "2442"]
[Result "1-0"]
[Round "08"]
[TimeControl "180+1"]
[Date "2021.06.08"]
[WhiteClock "0:00:14"]
[BlackClock "0:00:22"]

1. d4 g6 2. h4 Bg7 3. h5 c5 4. dxc5 Qa5+ 5. Bd2 Qxc5 6. Bc3 Bxc3+ 7. Nxc3 Qb4 8. hxg6 fxg6 9. Rb1 Nf6 10. Nf3 Nc6 11. a3 Qa5 12. e3 Ne4 13. Bd3 Nxc3 14. bxc3 Qxc3+ 15. Ke2 d6 16. Ng5 Qg7 17. Be4 h6 18. Nf3 O-O 19. Qd5+ Rf7 20. Rh2 Bf5 21. Rxb7 Rc8 22. Bxf5 gxf5 23. Qe6 Rf8 24. Qxh6 Qxh6 25. Rxh6 f4 26. e4 Rg7 27. Rc7 Nd8 28. Rxa7 Ne6 29. Rxe6 1-0


[Site "https://www.chess.com"]

[Event "Titled Tuesday Blitz June 8 2021"]
[White "Garcia Ramos, Daniel"]
[Black "Yanchenko, Roman"]
[WhiteFideId "32010311"]
[BlackFideId "4137329"]
[WhiteElo "2321"]
[BlackElo "2514"]
[Result "0-1"]
[Round "08"]
[TimeControl "180+1"]
[Date "2021.06.08"]
[WhiteClock "0:01:57"]
[BlackClock "0:01:59"]

1. c4 e5 2. Nc3 Nc6 3. Nf3 g6 4. g3 Bg7 5. Bg2 d6 6. O-O f5 7. Ne1 Nf6 8. Nc2 O-O 9. d4 exd4 10. Nxd4 Qe8 11. Ndb5 Rf7 12. Nd5 Nxd5 13. cxd5 Ne5 14. Bf4 Qxb5 15. a4 Qe8 16. Rc1 b6 17. Qb3 Ba6 18. Rc2 Nd7 19. Qa3 Rc8 20. Rfc1 Bb7 21. Rxc7 Rxc7 22. Rxc7 Nc5 23. Rxf7 Qxf7 24. Bxd6 Bxd5 25. Bxc5 Bxg2 26. Bxb6 Bh3 27. Be3 Qd5 28. f3 Qd1+ 0-1


[Site "https://www.chess.com"]

[Event "Titled Tuesday Blitz June 8 2021"]
[White "Goltsev, Dmitry"]
[Black "Aditya Mittal"]
[WhiteFideId "24176710"]
[BlackFideId "35042025"]
[WhiteElo "2366"]
[BlackElo "2171"]
[Result "1-0"]
[Round "08"]
[TimeControl "180+1"]
[Date "2021.06.08"]
[WhiteClock "0:00:41"]
[BlackClock "0:00:04"]

1. e4 c5 2. Nf3 d6 3. d4 cxd4 4. Nxd4 Nf6 5. Nc3 a6 6. Be2 e5 7. Nb3 Be7 8. O-O O-O 9. a4 Be6 10. f4 exf4 11. Bxf4 Nc6 12. Kh1 Ne5 13. Nd4 Rc8 14. Nf5 Bxf5 15. exf5 Qd7 16. Bxe5 dxe5 17. Qxd7 Nxd7 18. Bf3 Rb8 19. Nd5 Bd8 20. Rad1 Nf6 21. Ne3 e4 22. Be2 Bb6 23. Nc4 Bc5 24. c3 b5 25. axb5 axb5 26. Ne5 Rfe8 27. Nc6 Rb6 28. Nd4 b4 29. c4 e3 30. Nb3 Bf8 31. c5 Rbb8 32. c6 Ne4 33. Rd7 Rbc8 34. Bc4 Nd6 35. Bd5 Re5 36. Bf3 Rxf5 37. Nd4 Rf4 38. Rd1 Ne4 39. Kg1 Nd2 40. Re1 Bc5 41. Nb5 e2+ 42. Kh1 Nxf3 43. gxf3 h6 44. c7 Kh7 45. Rd8 Rxf3 46. Rxe2 Rf1+ 47. Kg2 Rg1+ 48. Kf3 Rf1+ 49. Ke4 f5+ 50. Kd3 Rd1+ 51. Rd2 Rxd2+ 52. Kxd2 Rxc7 53. Nxc7 Be7 54. Rc8 Bg5+ 55. Kd3 f4 56. Ne6 f3 57. Nxg5+ hxg5 58. Ke3 g4 59. Rc4 1-0


[Site "https://www.chess.com"]

[Event "Titled Tuesday Blitz June 8 2021"]
[White "Grandelius, Nils"]
[Black "Svidler, Peter"]
[WhiteFideId "1710400"]
[BlackFideId "4102142"]
[WhiteElo "2651"]
[BlackElo "2754"]
[Result "0-1"]
[Round "08"]
[TimeControl "180+1"]
[Date "2021.06.08"]
[WhiteClock "0:00:01"]
[BlackClock "0:00:54"]

1. d4 Nf6 2. Nf3 g6 3. Nbd2 c5 4. dxc5 Qa5 5. a3 Qxc5 6. b4 Qc7 7. Bb2 Bg7 8. g3 O-O 9. Bg2 b6 10. O-O Bb7 11. c4 d6 12. Re1 Nbd7 13. Rc1 Rac8 14. Qb3 Qb8 15. Nf1 Qa8 16. Ne3 Rc7 17. h4 Rfc8 18. Red1 Bh6 19. Rc3 Be4 20. Nd5 Nxd5 21. cxd5 Rxc3 22. Bxc3 Nf6 23. Bxf6 Bc2 24. Qb2 Bxd1 25. Bxe7 Qxd5 26. Qf6 Bg7 27. Qf4 Bxe2 28. Ng5 Qf5 29. Qd2 Bc4 30. Be4 Qe5 31. Bxd6 Qa1+ 32. Kh2 Qd4 33. Qf4 h6 34. Nf3 Qf6 35. Qd2 Rd8 36. Qc2 Qc3 37. Qd1 Bf8 0-1


[Site "https://www.chess.com"]

[Event "Titled Tuesday Blitz June 8 2021"]
[White "Guo, Arthur"]
[Black "Senthil Maran K"]
[WhiteFideId "30903114"]
[BlackFideId "25035681"]
[WhiteElo "2810"]
[BlackElo "2194"]
[Result "0-1"]
[Round "08"]
[TimeControl "180+1"]
[Date "2021.06.08"]
[WhiteClock "0:00:11"]
[BlackClock "0:00:16"]

1. e4 c6 2. Nf3 d5 3. Nc3 dxe4 4. Nxe4 Nf6 5. Qe2 Nxe4 6. Qxe4 Nd7 7. Bc4 Nf6 8. Ne5 e6 9. Qe2 b5 10. Bd3 Bb7 11. b3 a6 12. Bb2 Qc7 13. O-O Bd6 14. f4 O-O 15. Rf3 c5 16. Rh3 Rfd8 17. Bxh7+ Kf8 18. Bd3 Rac8 19. Re1 c4 20. Rh8+ Ke7 21. Rxd8 Qxd8 22. Bg6 fxg6 23. Nxg6+ Kf7 24. Ne5+ Kg8 25. bxc4 bxc4 26. Nxc4 Bc5+ 27. Kh1 Qd5 28. Bxf6 gxf6 29. Qg4+ Kf7 30. Qh3 Rg8 31. Ne5+ fxe5 32. Qh5+ Rg6 33. Qh7+ Rg7 34. Qh5+ Ke7 35. Qh4+ Kd7 0-1


[Site "https://www.chess.com"]

[Event "Titled Tuesday Blitz June 8 2021"]
[White "Gusarov, Grigory"]
[Black "Bacrot, Etienne"]
[WhiteFideId "24102172"]
[BlackFideId "605506"]
[WhiteElo "2241"]
[BlackElo "2673"]
[Result "1-0"]
[Round "08"]
[TimeControl "180+1"]
[Date "2021.06.08"]
[WhiteClock "0:01:04"]
[BlackClock "0:00:03"]

1. d4 Nf6 2. Nf3 b6 3. Bg5 Bb7 4. Bxf6 gxf6 5. Nbd2 f5 6. e3 e6 7. c3 d6 8. Bb5+ Nd7 9. Qa4 a6 10. Bd3 Bg7 11. e4 fxe4 12. Bxe4 d5 13. Bd3 b5 14. Qc2 c5 15. Bxh7 cxd4 16. cxd4 Rc8 17. Qb1 f5 18. Bg6+ Kf8 19. h4 Kg8 20. h5 Nf8 21. Rh3 Nxg6 22. hxg6 Rxh3 23. gxh3 Qe8 24. Qd3 Qxg6 25. Ke2 Qh5 26. Rg1 Kf7 27. Qe3 Bf6 28. Kd3 a5 29. Ne5+ Ke7 30. Ng6+ Kd7 31. Qxe6+ Kxe6 32. Nf4+ Kf7 33. Nxh5 b4 34. Nxf6 Ba6+ 35. Ke3 Kxf6 36. Nb3 Rc2 37. Rc1 Rc4 38. Rxc4 Bxc4 39. Nxa5 Bxa2 40. Nc6 b3 41. Kf4 Bb1 42. Ne5 Be4 43. f3 Bc2 44. h4 Bb1 45. h5 Bc2 46. Nd7+ Kg7 47. Kg5 1-0


[Site "https://www.chess.com"]

[Event "Titled Tuesday Blitz June 8 2021"]
[White "Harshavardhan G B"]
[Black "Salinas Herrera, Pablo"]
[WhiteFideId "25059009"]
[BlackFideId "3407128"]
[WhiteElo "1825"]
[BlackElo "2541"]
[Result "0-1"]
[Round "08"]
[TimeControl "180+1"]
[Date "2021.06.08"]
[WhiteClock "0:00:01"]
[BlackClock "0:00:12"]

1. d4 d5 2. c4 e6 3. Nc3 Nf6 4. Nf3 c6 5. Bg5 Nbd7 6. e3 Qa5 7. cxd5 Nxd5 8. Qd2 Bb4 9. Rc1 b6 10. Bd3 h6 11. Bh4 Nxc3 12. bxc3 Ba3 13. Rb1 Ba6 14. O-O O-O 15. Rb3 Rfe8 16. e4 Rac8 17. e5 c5 18. c4 Qa4 19. Bb1 Bb4 20. Qc2 Nf8 21. d5 exd5 22. cxd5 Bxf1 23. Kxf1 c4 24. Re3 Qxc2 25. Bxc2 Bc5 26. Re4 b5 27. d6 g6 28. Nd2 Nd7 29. f4 Bb4 30. Nf3 a6 31. g4 Ba5 32. f5 g5 33. Bg3 Rcd8 34. e6 fxe6 35. fxe6 Nc5 36. Re2 Rxe6 37. Nd4 Rxe2 38. Kxe2 Re8+ 39. Kf3 Kf7 40. Nc6 Bd8 41. Bf5 Bf6 42. d7 Ra8 43. Bd6 Ne6 0-1


[Site "https://www.chess.com"]

[Event "Titled Tuesday Blitz June 8 2021"]
[White "Harutjunyan, Gevorg"]
[Black "Perez Rodriguez, Luis Manuel"]
[WhiteFideId "13300873"]
[BlackFideId "3503364"]
[WhiteElo "2498"]
[BlackElo "2429"]
[Result "1-0"]
[Round "08"]
[TimeControl "180+1"]
[Date "2021.06.08"]
[WhiteClock "0:00:17"]
[BlackClock "0:00:14"]

1. e4 e5 2. Nf3 Nc6 3. d4 exd4 4. Nxd4 Nf6 5. Nc3 Bb4 6. Nxc6 bxc6 7. Bd3 d5 8. exd5 O-O 9. O-O Bg4 10. f3 Bh5 11. dxc6 Qd4+ 12. Kh1 Bxc3 13. bxc3 Qxc3 14. Rb1 Bg6 15. Bd2 Qxc6 16. Bb5 Qxc2 17. Qxc2 Bxc2 18. Rbc1 Rab8 19. Rxc2 Rxb5 20. Rxc7 Rb2 21. Bg5 Rxa2 22. Bxf6 gxf6 23. Rfc1 Rd8 24. Rc8 Rxc8 25. Rxc8+ Kg7 26. h3 a5 27. Rc6 Kg6 28. Rc5 f5 29. Kh2 f4 30. h4 a4 31. Kh3 h5 32. Rg5+ Kf6 33. Rxh5 a3 34. Ra5 Kg6 35. Ra6+ f6 36. Ra4 Kh6 37. Rxf4 Kg7 38. Ra4 Ra1 39. g4 a2 40. Kg2 Kg6 41. Ra5 Kh6 42. h5 Kg7 43. f4 Kh7 44. Ra7+ Kh6 45. Ra6 Kg7 46. g5 fxg5 47. fxg5 Kh7 48. Ra7+ Kg8 49. g6 Rd1 50. Rxa2 Rd5 51. Ra8+ Kg7 52. Ra7+ Kf6 53. Rf7+ Kg5 54. g7 1-0


[Site "https://www.chess.com"]

[Event "Titled Tuesday Blitz June 8 2021"]
[White "Hebden, Mark L"]
[Black "Hoffmann, Asa"]
[WhiteFideId "400084"]
[BlackFideId "2001470"]
[WhiteElo "2457"]
[BlackElo "2117"]
[Result "1-0"]
[Round "08"]
[TimeControl "180+1"]
[Date "2021.06.08"]
[WhiteClock "0:01:46"]
[BlackClock "0:01:07"]

1. d4 Nf6 2. Nf3 d6 3. Nc3 c6 4. e4 Bg4 5. h3 Bh5 6. g4 Bg6 7. Qe2 e6 8. h4 h6 9. h5 Bh7 10. g5 hxg5 11. Nxg5 Bg8 12. f4 Be7 13. Be3 Nbd7 14. O-O-O Qa5 15. Kb1 b5 16. e5 b4 17. exf6 gxf6 18. Nce4 fxg5 19. fxg5 d5 20. Nc5 Nxc5 21. dxc5 Bxc5 22. Bxc5 Qxc5 23. Qe5 f6 24. Qxf6 Rh7 25. g6 Re7 26. h6 O-O-O 27. h7 Ree8 28. h8=Q e5 29. Ba6+ Kb8 30. Qxd8+ Rxd8 31. Qxe5+ 1-0


[Site "https://www.chess.com"]

[Event "Titled Tuesday Blitz June 8 2021"]
[White "Indjic, Aleksandar"]
[Black "Novik, Maxim"]
[WhiteFideId "911925"]
[BlackFideId "4102924"]
[WhiteElo "2643"]
[BlackElo "2406"]
[Result "1-0"]
[Round "08"]
[TimeControl "180+1"]
[Date "2021.06.08"]
[WhiteClock "0:00:21"]
[BlackClock "0:00:01"]

1. d4 Nf6 2. Nf3 g6 3. Bg5 Bg7 4. Nbd2 O-O 5. c3 d5 6. e3 Nbd7 7. h4 h6 8. Bf4 Re8 9. Ne5 Nxe5 10. Bxe5 Nd7 11. Bxg7 Kxg7 12. f4 Nf6 13. Bd3 Bg4 14. Qc2 c5 15. Kf2 Rc8 16. Be2 Qd6 17. g3 b5 18. Bxb5 cxd4 19. exd4 Qb6 20. Bxe8 Nxe8 21. Rac1 Nd6 22. Rhe1 e6 23. Nb3 Ne4+ 24. Rxe4 Bf5 25. Rxe6 Qxe6 26. Qe2 Be4 27. Nc5 Qh3 28. Nxe4 Re8 29. Qf1 Qe6 30. Re1 dxe4 31. Ke3 Qxa2 32. Qf2 Qc4 33. Qe2 Qa2 34. Qd2 Rb8 35. b4 Qd5 36. Ra1 Rc8 37. Ra5 Qe6 38. Rc5 Rd8 39. f5 gxf5 40. Qf2 Kg6 41. h5+ Kf6 42. g4 Kg7 43. Qxf5 Qa2 44. Qe5+ Kg8 45. Qf6 Rf8 46. Qxh6 Qc2 47. Rg5# 1-0


[Site "https://www.chess.com"]

[Event "Titled Tuesday Blitz June 8 2021"]
[White "Iskusnyh, Sergei"]
[Black "Hambleton, Aman"]
[WhiteFideId "4120027"]
[BlackFideId "2606577"]
[WhiteElo "2492"]
[BlackElo "2552"]
[Result "1-0"]
[Round "08"]
[TimeControl "180+1"]
[Date "2021.06.08"]
[WhiteClock "0:01:25"]
[BlackClock "0:00:01"]

1. d4 e5 2. dxe5 Nc6 3. Nf3 Qe7 4. Nc3 Nxe5 5. Bf4 Nxf3+ 6. gxf3 d6 7. Qd2 Nf6 8. O-O-O Be6 9. e4 a6 10. Nd5 Bxd5 11. exd5 O-O-O 12. Bh3+ Nd7 13. Rhe1 Qh4 14. Bxd7+ Kxd7 15. Bg5 Qh5 16. Bxd8 Kxd8 17. Qe3 Qh6 18. f4 c5 19. dxc6 bxc6 20. Qb6+ Kd7 21. Qb7+ Kd8 22. Qxc6 Qxf4+ 23. Kb1 g5 24. Re8# 1-0


[Site "https://www.chess.com"]

[Event "Titled Tuesday Blitz June 8 2021"]
[White "Ivic, Velimir"]
[Black "Terry, Renato"]
[WhiteFideId "950122"]
[BlackFideId "3803457"]
[WhiteElo "2509"]
[BlackElo "2581"]
[Result "0-1"]
[Round "08"]
[TimeControl "180+1"]
[Date "2021.06.08"]
[WhiteClock "0:00:05"]
[BlackClock "0:00:04"]

1. e4 e6 2. d4 d5 3. Nc3 Nf6 4. e5 Nfd7 5. f4 c5 6. Nf3 Nc6 7. Be3 Be7 8. Qd2 O-O 9. dxc5 Nxc5 10. Be2 a6 11. O-O b5 12. a3 Bb7 13. Nd4 Rc8 14. Nxc6 Bxc6 15. Bd4 Ne4 16. Nxe4 dxe4 17. Qe3 f5 18. exf6 Bxf6 19. Rad1 Bd5 20. c3 Qc7 21. f5 e5 22. Bb6 Qc6 23. Ba5 h6 24. Qb6 Qa8 25. Bb4 Rfd8 26. Bh5 e3 27. Qxe3 Bxg2 28. Rf2 Rxd1+ 29. Bxd1 Bd5 30. h4 Qc6 31. Bc2 e4 32. Rd2 Re8 33. a4 Bf7 34. axb5 axb5 35. Bd1 Bxh4 36. Rd6 Qc8 37. Bg4 Bg5 38. Qe2 Qc7 39. f6 Bxf6 40. Qxb5 e3 41. Rd7 Qg3+ 42. Kf1 Qxg4 43. Rxf7 Qf3+ 44. Ke1 Qf2+ 45. Kd1 Qd2# 0-1


[Site "https://www.chess.com"]

[Event "Titled Tuesday Blitz June 8 2021"]
[White "Jakubowski, Krzysztof"]
[Black "Dang, Hoang Son"]
[WhiteFideId "1112848"]
[BlackFideId "12402435"]
[WhiteElo "2462"]
[BlackElo "2248"]
[Result "0-1"]
[Round "08"]
[TimeControl "180+1"]
[Date "2021.06.08"]
[WhiteClock "0:00:19"]
[BlackClock "0:01:45"]

1. e4 g6 2. d4 Bg7 3. Nc3 a6 4. f4 d5 5. e5 Nh6 6. h3 Nf5 7. Nge2 h5 8. g3 e6 9. a3 c5 10. dxc5 Nc6 11. b4 f6 12. exf6 Bxf6 13. Rb1 O-O 14. Na4 e5 15. Nb6 Be6 16. Nxa8 Qxa8 17. g4 Bh4+ 18. Kd2 Nfd4 19. Nxd4 Nxd4 20. c3 Rxf4 21. Rh2 Qf8 22. cxd4 Rxf1 23. Qc2 Qf4+ 24. Kc3 Qxd4+ 25. Kb3 Rf3+ 26. Ka4 Bd7+ 27. Ka5 Bd8# 0-1


[Site "https://www.chess.com"]

[Event "Titled Tuesday Blitz June 8 2021"]
[White "Jarovinsky, Alexey"]
[Black "Grieve, Harry"]
[WhiteFideId "14115131"]
[BlackFideId "426520"]
[WhiteElo "2446"]
[BlackElo "2191"]
[Result "0-1"]
[Round "08"]
[TimeControl "180+1"]
[Date "2021.06.08"]
[WhiteClock "0:00:01"]
[BlackClock "0:00:24"]

1. Nc3 c5 2. e4 e6 3. g3 d5 4. Bg2 Nf6 5. d3 Nc6 6. Bg5 Be7 7. Bxf6 Bxf6 8. exd5 exd5 9. Nge2 Be6 10. O-O O-O 11. Nf4 d4 12. Nxe6 fxe6 13. Ne4 Be7 14. Qg4 Qd7 15. a3 Rae8 16. Rae1 b6 17. f4 Bd8 18. h4 Ne7 19. Ng5 Nf5 20. Qf3 h6 21. Ne4 Bc7 22. Bh3 Ne3 23. Rxe3 dxe3 24. Qxe3 Qd5 25. c4 Qh5 26. Qf3 Qf7 27. Qg4 Kh8 28. h5 Qd7 29. Rf3 Qd4+ 30. Kg2 Qxb2+ 31. Nf2 Qf6 32. Qg6 Qd4 33. Qe4 Qd6 34. Qg6 Re7 0-1


[Site "https://www.chess.com"]

[Event "Titled Tuesday Blitz June 8 2021"]
[White "Jones, Gawain C B"]
[Black "Willow, Jonah B"]
[WhiteFideId "409561"]
[BlackFideId "438804"]
[WhiteElo "2657"]
[BlackElo "2261"]
[Result "0-1"]
[Round "08"]
[TimeControl "180+1"]
[Date "2021.06.08"]
[WhiteClock "0:00:07"]
[BlackClock "0:00:14"]

1. Nf3 c5 2. g3 Nc6 3. Bg2 g6 4. c3 Bg7 5. d4 cxd4 6. cxd4 d5 7. Nc3 Nf6 8. Ne5 O-O 9. Nxc6 bxc6 10. O-O Bf5 11. b3 Ne4 12. Nxe4 Bxe4 13. Bxe4 dxe4 14. Be3 c5 15. dxc5 Bxa1 16. Qxa1 f6 17. Rd1 Qc8 18. Qd4 Qe6 19. Kg2 Rfc8 20. Qa4 Kf7 21. Rc1 a5 22. Rc4 f5 23. c6 Ra6 24. c7 Qd6 25. Qb5 Raa8 26. Bf4 Qd1 27. Rc1 Qd4 28. Be5 Qd2 29. Rc6 Kf8 30. Bc3 Qxa2 31. Qe5 Qxb3 32. Qh8+ Qg8 33. Qe5 Qf7 34. Bxa5 Ra7 35. Bb6 Ra6 36. Qh8+ Qg8 37. Qd4 Qf7 38. Qd8+ Qe8 39. f3 exf3+ 40. exf3 Qxd8 41. cxd8=Q+ Rxd8 42. Bxd8 Rxc6 43. Ba5 Rc2+ 44. Kh3 Kf7 45. f4 Ra2 46. Bc3 Ke6 47. Be5 Kd5 48. g4 Ke4 49. Kg3 Ra3+ 50. Kh4 Kf3 51. gxf5 gxf5 52. Kg5 Ke4 53. h4 Rh3 54. h5 Rh1 55. Bc7 e6 56. Be5 Rg1+ 57. Kf6 Rh1 58. Kg5 Kd5 59. Bb8 Kc6 60. Be5 Kd7 61. Kh6 Ke7 62. Kg5 Kf7 63. Bd6 Ke8 64. Be5 Kf7 65. Bd6 Rg1+ 66. Kh6 Rd1 67. Be5 Rh1 68. Kg5 Rg1+ 69. Kh6 Kg8 70. Bd6 Rg4 71. Be5 Rg3 72. Bd6 Rd3 73. Be5 Rd7 74. Kg5 Kf8 75. Kh6 Ke8 76. Kg5 Rf7 77. Kh6 Kd7 78. Bg7 e5 79. Bxe5 Ke6 80. Bg7 Kd5 81. Kxh7 Ke4 82. Kg6 Ra7 83. Be5 Ra6+ 84. Kg7 Ra7+ 85. Kg6 Ra6+ 86. Kg5 Ra2 87. h6 Rg2+ 88. Kf6 Rh2 89. Kg6 Rg2+ 90. Kf7 Rh2 91. Kg7 Rg2+ 92. Kh8 Kd5 93. Bd4 Kxd4 94. h7 Rh2 95. Kg7 Rxh7+ 96. Kxh7 Ke4 97. Kg6 Kxf4 98. Kh5 Kg3 99. Kg5 f4 0-1


[Site "https://www.chess.com"]

[Event "Titled Tuesday Blitz June 8 2021"]
[White "Kamsky, Gata"]
[Black "Shahaliyev, Ismayil"]
[WhiteFideId "2000024"]
[BlackFideId "13406388"]
[WhiteElo "2644"]
[BlackElo "2105"]
[Result "1-0"]
[Round "08"]
[TimeControl "180+1"]
[Date "2021.06.08"]
[WhiteClock "0:01:57"]
[BlackClock "0:01:05"]

1. d4 Nf6 2. Nf3 e6 3. Bf4 Bd6 4. Bg3 Bxg3 5. hxg3 b6 6. Nbd2 Bb7 7. e3 c5 8. c3 Nc6 9. Bd3 h6 10. Qe2 Qc7 11. a3 O-O-O 12. b4 d5 13. bxc5 bxc5 14. c4 cxd4 15. exd4 dxc4 16. Nxc4 Nxd4 17. Nxd4 Rxd4 18. O-O Be4 19. Bxe4 Rxe4 20. Ne3 Kd8 21. Rfc1 Qa5 22. Rab1 Ke7 23. Rb7+ 1-0


[Site "https://www.chess.com"]

[Event "Titled Tuesday Blitz June 8 2021"]
[White "Kazakouski, Valery"]
[Black "Vlassov, Nikolai"]
[WhiteFideId "13507443"]
[BlackFideId "4103360"]
[WhiteElo "2546"]
[BlackElo "2407"]
[Result "1-0"]
[Round "08"]
[TimeControl "180+1"]
[Date "2021.06.08"]
[WhiteClock "0:00:57"]
[BlackClock "0:00:03"]

1. d4 Nf6 2. Nf3 e6 3. c4 Nc6 4. g3 Bb4+ 5. Bd2 a5 6. Bg2 d6 7. O-O e5 8. Be3 exd4 9. Nxd4 Bd7 10. Nc2 O-O 11. a3 Bc5 12. Bxc5 dxc5 13. Nc3 Re8 14. Nd5 Ne5 15. Nce3 Nfg4 16. h3 Nxe3 17. Nxe3 Bc6 18. Qxd8 Raxd8 19. Rfd1 Rd4 20. Bxc6 Nxc6 21. a4 Red8 22. Kf1 Ne5 23. b3 c6 24. Ke1 g6 25. Nc2 Rxd1+ 26. Rxd1 Rxd1+ 27. Kxd1 f5 28. Ne1 Kf7 29. Kd2 Ke6 30. Nd3 Nxd3 31. Kxd3 Ke5 32. e3 h6 33. f3 g5 34. f4+ gxf4 35. exf4+ Kf6 36. g4 h5 37. gxf5 Kxf5 38. Ke3 h4 39. Kf3 Ke6 40. Ke4 1-0


[Site "https://www.chess.com"]

[Event "Titled Tuesday Blitz June 8 2021"]
[White "Kollars, Dmitrij"]
[Black "Jobava, Baadur"]
[WhiteFideId "12909572"]
[BlackFideId "13601520"]
[WhiteElo "2576"]
[BlackElo "2748"]
[Result "0-1"]
[Round "08"]
[TimeControl "180+1"]
[Date "2021.06.08"]
[WhiteClock "0:00:02"]
[BlackClock "0:00:43"]

1. e4 c6 2. d4 d5 3. e5 Bf5 4. Nf3 e6 5. Be2 Nd7 6. O-O f6 7. c4 fxe5 8. dxe5 Bc5 9. cxd5 cxd5 10. Nd4 Ne7 11. Be3 O-O 12. Nc3 Rc8 13. f4 Bxd4 14. Bxd4 Nc6 15. Nb5 Nxd4 16. Qxd4 Rc2 17. Rf2 Nc5 18. Nd6 Qb6 19. Nxf5 Rxf5 20. Bg4 Rxf2 21. Qxf2 Rxf4 22. Bf3 Nd3 23. Qxb6 axb6 24. Be2 Nxe5 25. Rc1 Nc6 26. Bb5 Rf7 27. Rc3 Rc7 28. Ba4 Kf7 29. Rb3 e5 30. Rxb6 Ke6 31. b4 Kf5 32. Bxc6 Rxc6 33. Rxb7 Rc1+ 34. Kf2 Rc2+ 35. Kg3 Rxa2 36. Rxg7 d4 37. b5 Rb2 38. Rxh7 Rxb5 39. Rd7 Rb3+ 40. Kf2 Rb2+ 41. Kg3 Rd2 42. h4 e4 43. h5 Kg5 44. Rd5+ Kh6 45. Kh4 e3 46. Rd6+ Kh7 47. Rd7+ Kg8 0-1


[Site "https://www.chess.com"]

[Event "Titled Tuesday Blitz June 8 2021"]
[White "Kosteniuk, Alexandra"]
[Black "Arias, Juan Cruz"]
[WhiteFideId "4128125"]
[BlackFideId "118540"]
[WhiteElo "2521"]
[BlackElo "2083"]
[Result "1-0"]
[Round "08"]
[TimeControl "180+1"]
[Date "2021.06.08"]
[WhiteClock "0:00:37"]
[BlackClock "0:00:12"]

1. d4 e6 2. e4 d5 3. Nc3 Nf6 4. Bg5 Be7 5. e5 Nfd7 6. h4 h6 7. Bxe7 Qxe7 8. Qg4 O-O 9. Nf3 a6 10. Bd3 f5 11. exf6 Qxf6 12. Qg3 c5 13. O-O-O c4 14. Bg6 Nc6 15. Rhe1 b5 16. h5 b4 17. Na4 b3 18. axb3 cxb3 19. c3 Qd8 20. Qd6 Ndb8 21. Qxd8 Rxd8 22. Nc5 a5 23. Nxe6 Bxe6 24. Rxe6 a4 25. Rde1 Nd7 26. Rxc6 a3 27. bxa3 Rxa3 28. Rce6 Nf6 29. Rb6 Rda8 30. Bb1 Ne4 31. Kb2 Nxf2 32. Rxb3 R3a7 33. Ne5 Rf8 34. Nc6 Rc7 35. Ne7+ Kh8 36. Nxd5 Ra7 37. Ne7 Rfa8 38. Ng6+ Kg8 39. Re7 Ng4 40. Rxa7 Rxa7 41. Rb8+ Kf7 42. Rf8+ Ke6 43. Bf5+ 1-0


[Site "https://www.chess.com"]

[Event "Titled Tuesday Blitz June 8 2021"]
[White "Kretov, Evgenij"]
[Black "Visakh N R"]
[WhiteFideId "4167821"]
[BlackFideId "25012223"]
[WhiteElo "2400"]
[BlackElo "2428"]
[Result "0-1"]
[Round "08"]
[TimeControl "180+1"]
[Date "2021.06.08"]
[WhiteClock "0:00:42"]
[BlackClock "0:01:07"]

1. c4 Nf6 2. Nc3 g6 3. d4 d5 4. cxd5 Nxd5 5. Bd2 Bg7 6. e4 Nb6 7. Be3 O-O 8. h3 f5 9. exf5 Bxf5 10. Nf3 Nc6 11. Be2 Kh8 12. O-O Nb4 13. Rc1 N6d5 14. a3 Nxc3 15. Rxc3 Nd5 16. Rc5 c6 17. Qd2 Qd6 18. Bh6 Bxh6 19. Qxh6 Rad8 20. Re1 Qf6 21. Bf1 Qg7 22. Qd2 Bxh3 23. Ng5 Bc8 24. Ne6 Bxe6 25. Rxe6 Nf4 26. Re4 Nd5 27. Rc1 Rd6 28. Rce1 Rdf6 29. f3 Rf4 30. Bc4 Rxe4 31. fxe4 Nf4 32. Qe3 Qh6 33. d5 Qg5 34. Bf1 Kg7 35. dxc6 bxc6 36. Qxa7 Nh3+ 37. Kh2 Nf2 38. Qe3 Ng4+ 0-1


[Site "https://www.chess.com"]

[Event "Titled Tuesday Blitz June 8 2021"]
[White "Kubicka, Anna"]
[Black "Woodward, Andy"]
[WhiteFideId "1152254"]
[BlackFideId "30953499"]
[WhiteElo "2010"]
[BlackElo "2708"]
[Result "0-1"]
[Round "08"]
[TimeControl "180+1"]
[Date "2021.06.08"]
[WhiteClock "0:01:13"]
[BlackClock "0:00:40"]

1. e4 c5 2. Nf3 d6 3. d4 cxd4 4. Nxd4 Nf6 5. Nc3 a6 6. Be3 e5 7. Nb3 Be6 8. h3 Nbd7 9. f4 exf4 10. Bxf4 Ne5 11. Qe2 Be7 12. O-O-O Qc7 13. Kb1 O-O 14. Nd4 Rac8 15. g4 Bc4 16. Qg2 b5 17. Nf5 b4 18. Nd5 Nxd5 19. exd5 Bxf1 20. Rhxf1 Nc4 21. g5 Rfe8 22. h4 Bf8 23. Bc1 a5 24. b3 Na3+ 25. Bxa3 bxa3 26. Rd3 Re4 27. h5 Rg4 28. Rg3 Rxg3 29. Nxg3 Qc3 0-1


[Site "https://www.chess.com"]

[Event "Titled Tuesday Blitz June 8 2021"]
[White "Kukhmazov, Arsen"]
[Black "Sadykov, Ramil"]
[WhiteFideId "24108260"]
[BlackFideId "24113590"]
[WhiteElo "2453"]
[BlackElo "2300"]
[Result "1-0"]
[Round "08"]
[TimeControl "180+1"]
[Date "2021.06.08"]
[WhiteClock "0:00:12"]
[BlackClock "0:00:03"]

1. d4 d5 2. c4 e6 3. Nc3 Nf6 4. cxd5 exd5 5. Bg5 c6 6. e3 Be7 7. Qc2 Nbd7 8. Bd3 O-O 9. Nge2 Re8 10. O-O Nf8 11. Rad1 g6 12. f3 Ne6 13. Bh4 b6 14. Bf2 Bb7 15. h3 c5 16. Bb5 Rf8 17. dxc5 bxc5 18. Bc4 Rc8 19. Qb3 dxc4 20. Qxb7 Qc7 21. Qxc7 Rxc7 22. e4 Rb7 23. Na4 Nd7 24. Bg3 Nb6 25. Nac3 Bf6 26. e5 Bg5 27. f4 Be7 28. Rd2 Nd4 29. Bf2 Nxe2+ 30. Rxe2 Rd8 31. Rc1 f5 32. Rcc2 Kf7 33. e6+ Kg7 34. g4 h6 35. Re5 Bf6 36. Rxc5 Re7 37. Re2 Rde8 38. gxf5 gxf5 39. Rc6 Bxc3 40. bxc3 Nd5 41. Bd4+ Kg6 42. Rg2+ Kh5 43. Be5 Rxe6 44. Rc5 Ne3 45. Rd2 Rg8+ 46. Kf2 Ng2 47. Rd6 Rxd6 48. Bxd6 Nh4 49. Rxc4 Rg2+ 50. Ke3 Rxa2 51. Rc7 Rh2 52. c4 Rxh3+ 53. Kd4 Rh1 54. c5 Kg4 55. Rg7+ Kf3 56. Rxa7 Rd1+ 57. Ke5 Ng6+ 58. Kxf5 Nh4+ 59. Ke6 h5 60. c6 Ng6 61. f5 Nf4+ 62. Bxf4 Kxf4 63. c7 Rc1 64. f6 h4 65. f7 Re1+ 66. Kd7 Kg3 67. f8=Q Rd1+ 68. Ke8 Re1+ 69. Kd8 Rd1+ 70. Kc8 Rd4 71. Ra3+ Kg2 72. Qg7+ Kf2 73. Qxd4+ 1-0


[Site "https://www.chess.com"]

[Event "Titled Tuesday Blitz June 8 2021"]
[White "Lazavik, Denis"]
[Black "Henderson de La Fuente, Lance"]
[WhiteFideId "13515110"]
[BlackFideId "32096585"]
[WhiteElo "2436"]
[BlackElo "2280"]
[Result "1-0"]
[Round "08"]
[TimeControl "180+1"]
[Date "2021.06.08"]
[WhiteClock "0:00:06"]
[BlackClock "0:00:01"]

1. d4 Nf6 2. c4 e6 3. Nf3 b6 4. a3 Bb7 5. Nc3 g6 6. Qc2 c5 7. e4 cxd4 8. Nxd4 Bc5 9. Nb3 Nc6 10. Bf4 e5 11. Bg5 h6 12. Bh4 g5 13. Bg3 d6 14. O-O-O a6 15. h4 Nh5 16. Be2 Nf4 17. hxg5 Qxg5 18. Kb1 Rc8 19. Bxf4 exf4 20. Nd5 Ne5 21. Rh5 Qxg2 22. f3 Bxd5 23. Rxd5 Be3 24. Rxd6 Nxc4 25. Re5+ Kf8 26. Bxc4 Qxc2+ 27. Kxc2 Rxc4+ 28. Kd3 Rc7 29. Rh5 Kg7 30. Nd4 Rhc8 31. Nf5+ Kf8 32. Rhxh6 Kg8 33. Rh1 Rc6 34. Rxc6 Rxc6 35. Ne7+ 1-0


[Site "https://www.chess.com"]